 Dungeon Crawl Stone Soup version 0.30-a0-639-g3916f1956a (webtiles) character file.

Game seed: 17434240971016510460

122 SkeletonJelly the Chopper (level 4, -6/31 HPs)
             Began as a Demonspawn Chaos Knight on Jan 16, 2023.
             Was a Plaything of Xom.
             Mangled by a gnoll
             ... wielding a +0 flail
              (15 damage)
             ... on level 3 of the Dungeon.
             The game lasted 00:05:55 (2828 turns).

SkeletonJelly the Chopper (Demonspawn Chaos Knight) Turns: 2828, Time: 00:05:55

Health: -6/31      AC:  5    Str: 15    XL:     4   Next: 78%
Magic:  4/4        EV: 11    Int: 13    God:    Xom [*.....]
Gold:   96         SH:  0    Dex: 10    Spells: 3/3 levels left

rFire   . . .      SeeInvis .    a - +0 hand axe (chaos)
rCold   + . .      Faith    .    (no shield)
rNeg    . . .      Spirit   .    b - +2 leather armour
rPois   .          Reflect  .    (helmet restricted)
rElec   .          Harm     .    h - +0 cloak
rCorr   .          Rampage  .    p - +0 pair of gloves
Will    .....                    (no boots)
Stlth   +                        (no amulet)
HPRegen 0.25/turn                v - ring of protection from cold
MPRegen 0.09/turn                (no ring)

@: no status effects
A: horns 2, clumsy 1, deformed body, frail 1, screaming 1
a: Renounce Religion


You were on level 3 of the Dungeon.
You worshipped Xom.
You were a special plaything of Xom.
You visited 1 branch of the dungeon, and saw 3 of its levels.

You collected 96 gold pieces.

Inventory:

Hand Weapons
 a - a +0 hand axe of chaos (weapon)
Armour
 b - a +2 leather armour (worn)
 h - a +0 cloak (worn)
 o - a +0 plate armour
 p - a +0 pair of gloves (worn)
Jewellery
 v - a ring of protection from cold (left hand)
 w - an amulet of magic regeneration
Scrolls
 j - a scroll of magic mapping {unknown}
 k - 4 scrolls of identify {unknown}
 l - a scroll of amnesia {unknown}
 m - 2 scrolls of butterflies {unknown}
 n - a scroll of fog {unknown}
 r - a scroll of noise {unknown}
 t - 2 scrolls of teleportation {unknown}
 x - a scroll of fear {unknown}
Potions
 d - a potion of attraction {unknown}
 e - a potion of curing {unknown}
 f - a potion of flight {unknown}
 g - a potion of haste {unknown}
 i - 2 potions of ambrosia {unknown}
 q - a potion of brilliance {unknown}
 s - a potion of degeneration {unknown}
 u - a potion of magic {unknown}
Miscellaneous
 c - a piece from Xom's chessboard (15/15) (quivered)


   Skills:
 - Level 3.0 Fighting
 + Level 5.1 Axes
 - Level 1.7 Armour
 - Level 0.8 Dodging


You had 3 spell levels left.
You didn't know any spells.
Your spell library contained the following spells:

 Spells                   Type           Power      Damage    Failure   Level
 Magic Dart               Conj           0%         1d3       36%         1
 Scorch                   Fire           0%         2d5       50%         2
 Searing Ray              Conj           0%         2d4       50%         2
 Flame Wave               Conj/Fire      0%         2d4       98%         4
 Fulminant Prism          Conj/Hex       0%         3d5       98%         4
 Summon Cactus Giant      Summ           0%         N/A       100%        6


Dungeon Overview and Level Annotations

Branches:
Dungeon (3/15)

Altars:
Cheibriados
Xom


Innate Abilities, Weirdness & Mutations

You have a pair of horns on your head.
You are clumsy. (Dex -2)
Armour fits poorly on your strangely shaped body.
You are frail. (-10% HP)
You occasionally shout uncontrollably at your foes.


Message History

No target in view!
No target in view!
No target in view!
No target in view!
No target in view!
You take 6 damage, and have 23/31 hp.
No target in view!
No target in view!
No target in view!
No target in view!
No target in view!
No target in view!
No target in view!
No target in view!
No target in view!
No target in view!
No target in view!
No target in view!
No target in view!
No target in view!
No target in view!
No target in view!
No target in view!
No target in view!
No target in view!
No target in view!
No target in view!
Your butterfly disappears in a puff of smoke!
Your butterfly disappears in a puff of smoke!
x - a scroll labelled XIMOCE WARAXE
Things that are here:
a +0 flail; a gnoll corpse Health restored: 31 Key pressed, stopping explore.
Key pressed, stopping explore.
Xom's power brushes against you for a moment.
Your body is suffused with distortional energy.
You feel the urge to shout.
You feel clumsy.
You feel agile.
An endoplasm comes into view.
The endoplasm quivers.
Unknown command.
The endoplasm freezes you.
You are frozen.
You resist.
You take 1 damage, and have 30/31 hp.
You hit the endoplasm. You freeze the endoplasm.
The endoplasm is heavily wounded.
The endoplasm hits you but does no damage.
The endoplasm freezes you.
You are frozen.
You resist.
You take 1 damage, and have 29/31 hp.
You hit the endoplasm.
You kill the endoplasm!
No target in view!
No target in view!
No target in view!
No target in view!
You see here a staff of conjuration.
Found a stone staircase leading down.
Health restored: 31 You yell at the gnoll!
A gnoll comes into view. It is wielding a +0 flail.
The gnoll shouts!
You hear a shout! x2
A gnoll is nearby!
A gnoll comes into view. It is wielding a +0 flail.
You yell at the gnoll!
The gnoll shouts!
You hit the gnoll.
The gnoll is poisoned.
The gnoll is moderately wounded.
The gnoll hits you with a +0 flail.
A gnoll comes into view. It is wielding a +0 club.
You take 5 damage, and have 26/31 hp.
You barely miss the gnoll. You headbutt the gnoll.
The gnoll is heavily wounded.
The gnoll barely misses you.
You hit the gnoll. You freeze the gnoll.
You kill the gnoll!
You hit the gnoll but do no damage.
The gnoll goes berserk!
Xom thinks this is hilarious!
The gnoll barely misses you.
You hit the gnoll.
The gnoll is lightly wounded.
The gnoll barely misses you. The gnoll completely misses you.
You hit the gnoll. You burn the gnoll.
The gnoll is moderately wounded.
The gnoll barely misses you.
You hit the gnoll. You freeze the gnoll.
The gnoll is heavily wounded.
The gnoll hits you with a +0 club. The gnoll hits you but does no damage.
You take 4 damage, and have 23/31 hp.
You barely miss the gnoll. Your headbutt misses the gnoll.
The gnoll is heavily wounded.
The gnoll closely misses you.
You hit the gnoll. You burn the gnoll.
The gnoll is heavily wounded.
You hit the gnoll.
The gnoll goes berserk!
The gnoll is severely wounded.
The gnoll rages.
The gnoll hits you with a +0 flail!
* * * LOW HITPOINT WARNING * * *
The gnoll hits you with a +0 flail!
You die...

####################
....>.............|##
#####...##########..###
###.## ##...# #..# ##
###.# ##.# ..# #.# #.#
...# #.##
#.##....######..###
#.@gg..............
####....#######.###
...# ###.### ..#
#...... .# #.##.##
#############.##.#
#§S.Sg†g..S.#.##.##
#§#########.#.##..# #§#
#.#.###..


You could see 2 gnolls.

Vanquished Creatures
  3 gnolls (D:3)
  2 adders (D:2)
  3 worms (D:2)
  A dart slug (D:1)
  6 orcs (D:3)
  4 ball pythons
  6 bats
  3 endoplasms
  3 giant cockroaches
  7 hobgoblins
  2 jackals (D:1)
  7 kobolds
  2 quokkas
  3 frilled lizards
  A goblin (D:1)
  4 rats
57 creatures vanquished.

Vanquished Creatures (collateral kills)
  A rat (D:2)
1 creature vanquished.

Vanquished Creatures (others)
  A hobgoblin zombie (D:2)
1 creature vanquished.

Grand Total: 59 creatures vanquished

Notes
Turn   | Place    | Note
-------+----------+-------------------------------------------
     0 | D:1      | SkeletonJelly the Demonspawn Chaos Knight began the quest
                  | for the Orb.
     0 | D:1      | Reached XP level 1. HP: 18/18 MP: 1/1
   154 | D:1      | XOM: butterfly on damage
   158 | D:1      | Reached skill level 3 in Axes
   250 | D:1      | Gained mutation: You have a pair of small horns on your
                  | head. [demonic ancestry]
   250 | D:1      | Reached XP level 2. HP: 20/24 MP: 2/2
   371 | D:1      | XOM: silly message
   853 | D:2      | Reached XP level 3. HP: 29/29 MP: 3/3
   889 | D:2      | XOM: silly message
  1047 | D:2      | Reached skill level 4 in Axes
  1079 | D:2      | XOM: butterfly on damage
  1114 | D:2      | XOM: divination: detect items
  1374 | D:2      | XOM: give mutations
  1374 | D:2      | Gained mutation: You are clumsy. (Dex -2) [Xom's mischief]
  1374 | D:2      | Gained mutation: Armour fits poorly on your strangely
                  | shaped body. [Xom's mischief]
  1374 | D:2      | Gained mutation: You are frail. (-10% HP) [Xom's mischief]
  1378 | D:2      | XOM: summons 1 hostile demon
  1668 | D:2      | XOM: noise
  1734 | D:2      | Gained mutation: You have a pair of horns on your head.
                  | [demonic ancestry]
  1734 | D:2      | Reached XP level 4. HP: 31/31 MP: 4/4
  2016 | D:3      | Found a snail-covered altar of Cheibriados.
  2459 | D:3      | XOM: silly message
  2557 | D:3      | XOM: butterfly on damage
  2557 | D:3      | HP: 1/31 [gnoll/+0 halberd (9)]
  2558 | D:3      | XOM: scenery: create altars
  2560 | D:3      | XOM: fog
  2690 | D:3      | XOM: butterfly on damage
  2694 | D:3      | Reached skill level 5 in Axes
  2771 | D:3      | XOM: give mutations
  2771 | D:3      | Gained mutation: You occasionally shout uncontrollably at
                  | your foes. [Xom's mischief]
  2771 | D:3      | Gained mutation: You are very clumsy. (Dex -4) [Xom's
                  | mischief]
  2771 | D:3      | Lost mutation: You are very clumsy. (Dex -4) [Xom's
                  | mischief]
  2828 | D:3      | Mangled by a gnoll

Illustrated notes

Levels and vault maps discovered:
D:1:      lemuel_arrival_lava_pool, layout_basic
D:2:      layout_loops_corners
D:3:      layout_basic, cheibriados_altar_1

Skill      XL: |  1  2  3  4 |
---------------+-------------+-----
Axes           | 3 4 5 |  5.1
Fighting       | |  3.0
Armour         | |  1.7
Dodging        | |  0.8

Action                   |  1- 3 |  4- 6 || total
-------------------------+-------+-------++-------
Melee: Hand axe          |   146 |    67 ||   213
       Punch             |     1 |       ||     1
       Headbutt          |    14 |     7 ||    21
Armor: Leather armour    |    44 |    37 ||    81
Dodge: Dodged            |    95 |    43 ||   138

Table legend: (Time is in decaauts)
 A = Elapsed time spent in this place.
 B = Non-inter-level travel time spent in this place.
 C = Inter-level travel time spent in this place.
 D = Time resting spent in this place.
 E = Time spent auto-exploring this place.
 F = Levels seen in this place.
 G = Mean time per level.
                   A        B        C        D        E       F      G
               +--------+--------+--------+--------+--------+-----+--------+
         Total |   2848 |   2705 |    143 |      0 |   2096 |   3 |  949.3 |
       Dungeon |   2848 |   2705 |    143 |      0 |   2096 |   3 |  949.3 |
               +--------+--------+--------+--------+--------+-----+--------+

Top non-repeatable levels by time:
     D:2: 1023 daAuts
     D:3: 1004 daAuts
     D:1: 820 daAuts
